3AAA
WILMINGTON BAY HAWKS @ VERMONT LAKE MONSTERS
07/04/2019
 
TOP OF THE 1ST
Wilmington Bay Hawks batting - Pitching for Vermont Lake Monsters : RHP Jorge Castillo
Pitching: RHP Jorge Castillo
Batting: LHB Ray Schneider 0-0: Swinging Strike
0-1: Ball
1-1: Foul Ball, location: 2F
1-2: Ball
2-2: Foul Ball, location: 2F
2-2: Foul Ball, location: 2F
2-2: SINGLE (Line Drive, 4MD)
Batting: RHB António Prieto 0-0: Grounds into double play, 1-6-3 (Groundball, 23)
Batting: SHB Felipe González 0-0: Swinging Strike
0-1: Ball
1-1: Ball
2-1: Ground out 1-3 (Groundball, 23)
Top of the 1st over - 0 run(s), 1 hit(s), 0 error(s), 0 left on base; Wilmington 0 - Vermont 0
BOTTOM OF THE 1ST
Vermont Lake Monsters batting - Pitching for Wilmington Bay Hawks : RHP Jim Unknown
Pitching: RHP Jim Unknown
Batting: RHB Gonzalo Núñez 0-0: Ball
1-0: Called Strike
1-1: Called Strike
1-2: Ball
2-2: Reached on error, E4 (Groundball, 4M)
Batting: RHB Bob Wilson 0-0: Ball
1-0: Ball
2-0: Called Strike
2-1: Swinging Strike
Passed Ball!
Gonzalo Núñez to third
2-2: Foul Ball, location: 2F
2-2: Foul Ball, location: 2F
2-2: Ball
3-2: Foul Ball, location: 2F
3-2: Fly out, F2 (Popup, 25F)
Batting: RHB Júlio Santos 0-0: Ball
1-0: Swinging Strike
1-1: Ground out 5-3 (Groundball, 56)
Gonzalo Núñez scores
Batting: LHB Theodore Shaw 0-0: Ball
1-0: Ball
2-0: Ball
3-0: Called Strike
3-1: Base on Balls
Batting: RHB Pat Ings 0-0: Ball
1-0: Ground out 4-3 (Groundball, 4)
Bottom of the 1st over - 1 run(s), 0 hit(s), 1 error(s), 1 left on base; Wilmington 0 - Vermont 1
TOP OF THE 2ND
Wilmington Bay Hawks batting - Pitching for Vermont Lake Monsters : RHP Jorge Castillo
Batting: SHB José Martínez 0-0: Ball
1-0: Swinging Strike
1-1: Swinging Strike
1-2: Ball
2-2: SINGLE (Groundball, 4M)
Batting: RHB Jorge Rocha 0-0: Swinging Strike
0-1: Grounds into double play, U6-3 (Groundball, 6)
Batting: LHB Aubrey Reese 0-0: Called Strike
0-1: Ball
1-1: Ground out 5-3 (Groundball, 5S)
Top of the 2nd over - 0 run(s), 1 hit(s), 0 error(s), 0 left on base; Wilmington 0 - Vermont 1
BOTTOM OF THE 2ND
Vermont Lake Monsters batting - Pitching for Wilmington Bay Hawks : RHP Jim Unknown
Batting: RHB Jim Unknown 0-0: Ball
1-0: Ball
2-0: SOLO HOME RUN (Line Drive, 89XD), Distance : 435 ft
Batting: LHB John Brewer 0-0: Ball
1-0: Called Strike
1-1: Foul Ball, location: 2F
1-2: Ball
2-2: Ground out 6-3 (Groundball, 6MS)
Batting: LHB Juan Durán 0-0: Called Strike
0-1: Swinging Strike
0-2: Ball
1-2: Strikes out looking
Batting: LHB Michael Smith 0-0: Fly out, F8 (Flyball, 89S)
Bottom of the 2nd over - 1 run(s), 1 hit(s), 0 error(s), 0 left on base; Wilmington 0 - Vermont 2
TOP OF THE 3RD
Wilmington Bay Hawks batting - Pitching for Vermont Lake Monsters : RHP Jorge Castillo
Batting: RHB Jason Nicholson 0-0: Called Strike
0-1: Ball
1-1: Ball
2-1: Ball
3-1: Base on Balls
Batting: RHB Jim Unknown 0-0: Called Strike
0-1: Swinging Strike
0-2: Fly out, F4 (Line Drive, 4)
Batting: RHB Jim Unknown 0-0: Called Strike
0-1: SINGLE (Groundball, 34) (infield hit)
Jason Nicholson to second
Batting: LHB Ray Schneider 0-0: Called Strike
0-1: Foul Ball, location: 2F
0-2: Strikes out swinging
Batting: RHB António Prieto 0-0: Ball
1-0: Swinging Strike
1-1: Ball
2-1: Swinging Strike
2-2: Fielders Choice at 2nd, 6-4 (Groundball, 6)
Top of the 3rd over - 0 run(s), 1 hit(s), 0 error(s), 1 left on base; Wilmington 0 - Vermont 2
BOTTOM OF THE 3RD
Vermont Lake Monsters batting - Pitching for Wilmington Bay Hawks : RHP Jim Unknown
Batting: RHB Gonzalo Núñez 0-0: Ball
1-0: Called Strike
1-1: Called Strike
1-2: Ball
2-2: Strikes out swinging
Batting: RHB Bob Wilson 0-0: Fly out, F4 (Popup, 34)
Batting: RHB Júlio Santos 0-0: SINGLE (Groundball, 34D)
Batting: LHB Theodore Shaw 0-0: Ball
1-0: Ball
2-0: SINGLE (Line Drive, 7LS)
Júlio Santos to second
Batting: RHB Pat Ings 0-0: Called Strike
0-1: Foul Ball, location: 2F
0-2: Strikes out looking
Bottom of the 3rd over - 0 run(s), 2 hit(s), 0 error(s), 2 left on base; Wilmington 0 - Vermont 2
TOP OF THE 4TH
Wilmington Bay Hawks batting - Pitching for Vermont Lake Monsters : RHP Jorge Castillo
Batting: SHB Felipe González 0-0: Called Strike
0-1: Foul Ball, location: 2F
0-2: Ball
1-2: Ball
2-2: SINGLE (Groundball, 13) (infield hit)
Batting: SHB José Martínez 0-0: Ball
1-0: Ball
2-0: Foul Ball, location: 2F
2-1: Ball
3-1: Swinging Strike
3-2: Foul Ball, location: 2F
3-2: Foul Ball, location: 2F
3-2: Foul Ball, location: 2F
3-2: Foul Ball, location: 2F
3-2: Foul Ball, location: 2F
3-2: Foul Ball, location: 2F
3-2: Base on Balls
Felipe González to second
Batting: RHB Jorge Rocha 0-0: Called Strike
0-1: Swinging Strike
0-2: Ball
1-2: Foul Ball, location: 2F
1-2: DOUBLE (Line Drive, 9LS)
Felipe González scores
José Martínez to third
Batting: LHB Aubrey Reese 0-0: Called Strike
0-1: Called Strike
0-2: Strikes out swinging
Batting: RHB Jason Nicholson 0-0: Swinging Strike
0-1: Called Strike
0-2: Foul Ball, location: 2F
0-2: Foul Ball, location: 2F
0-2: Strikes out swinging
Batting: RHB Jim Unknown 0-0: Ball
1-0: Ball
2-0: Ball
3-0: Called Strike
3-1: Foul Ball, location: 2F
3-2: Foul Ball, location: 2F
3-2: Base on Balls
Batting: RHB Jim Unknown 0-0: Ball
1-0: Called Strike
1-1: Ball
2-1: Ball
3-1: Reached on Error, E4 (Popup, 4D)
José Martínez scores
Jorge Rocha to third
Jim Unknown to second
Batting: LHB Ray Schneider 0-0: Ball
1-0: Ball
2-0: Ball
3-0: Called Strike
3-1: Foul Ball, location: 2F
3-2: Base on Balls
Jorge Rocha scores
Jim Unknown to third
Jim Unknown to second
Batting: RHB António Prieto 0-0: Called Strike
0-1: Ball
1-1: Fly out, F7 (Line Drive, 78M)
Top of the 4th over - 3 run(s), 2 hit(s), 1 error(s), 3 left on base; Wilmington 3 - Vermont 2
BOTTOM OF THE 4TH
Vermont Lake Monsters batting - Pitching for Wilmington Bay Hawks : RHP Jim Unknown
Batting: RHB Jim Unknown 0-0: Ball
1-0: Ball
2-0: Ball
3-0: Base on Balls
Batting: LHB John Brewer 0-0: Called Strike
0-1: Ball
1-1: Foul Ball, location: 2F
1-2: Foul Ball, location: 2F
1-2: Ball
2-2: Foul Ball, location: 2F
2-2: SINGLE (Groundball, 25) (infield hit)
Jim Unknown to second
Batting: LHB Juan Durán 0-0: Ball
1-0: Called Strike
1-1: Grounds into double play, 4-6-3 (Groundball, 4)
Jim Unknown to third
Batting: LHB Michael Smith 0-0: Called Strike
0-1: Ball
1-1: Ball
2-1: Ball
3-1: Ground out 1-3 (Groundball, 15)
Bottom of the 4th over - 0 run(s), 1 hit(s), 0 error(s), 1 left on base; Wilmington 3 - Vermont 2
TOP OF THE 5TH
Wilmington Bay Hawks batting - Pitching for Vermont Lake Monsters : RHP Jorge Castillo
Batting: SHB Felipe González 0-0: Ball
1-0: Swinging Strike
1-1: Called Strike
1-2: Ball
2-2: Strikes out swinging
Batting: SHB José Martínez 0-0: Ball
1-0: SINGLE (Groundball, 4MD)
Batting: RHB Jorge Rocha 0-0: Ball
1-0: Called Strike
1-1: Foul Ball, location: 2F
1-2: Foul Ball, location: 2F
1-2: Foul Ball, location: 2F
1-2: Ball
2-2: Strikes out swinging
Batting: LHB Aubrey Reese 0-0: Foul Ball, location: 2F
0-1: Swinging Strike
0-2: Ball
1-2: Ball
2-2: 2-RUN HOME RUN (Flyball, 78XD), Distance : 416 ft
Batting: RHB Jason Nicholson 0-0: Ball
1-0: Ball
2-0: Ball
3-0: Called Strike
3-1: Base on Balls
Pitching: RHP Alexander Allen
Batting: RHB Jim Unknown 0-0: Ball
1-0: Called Strike
1-1: Called Strike
Jason Nicholson steals 2nd base
1-2: SINGLE (Groundball, 6MD)
Jason Nicholson to third
Runner from 3rd tries for Home, SAFE, throw made home
Batting: RHB Jim Unknown 0-0: Ball
1-0: Called Strike
1-1: Hit by Pitch
Jim Unknown to second
Batting: LHB Ray Schneider 0-0: Ball
Wild Pitch!
Jim Unknown to third
Jim Unknown to second
1-0: SINGLE (Groundball, 56D) - runner OUT being hit by batted ball.
Top of the 5th over - 3 run(s), 4 hit(s), 0 error(s), 2 left on base; Wilmington 6 - Vermont 2
BOTTOM OF THE 5TH
Vermont Lake Monsters batting - Pitching for Wilmington Bay Hawks : RHP Jim Unknown
Batting: RHB Gonzalo Núñez 0-0: Swinging Strike
0-1: Ball
1-1: Foul Ball, location: 2F
1-2: Foul Ball, location: 2F
1-2: Ball
2-2: Ball
3-2: Base on Balls
Batting: RHB Bob Wilson 0-0: Ball
1-0: Ball
2-0: Foul Ball, location: 2F
2-1: Ball
3-1: Fly out, F9 (Flyball, 9D)
Batting: RHB Júlio Santos 0-0: Ball
1-0: Ball
2-0: Swinging Strike
2-1: Ball
3-1: Base on Balls
Gonzalo Núñez to second
Batting: LHB Theodore Shaw 0-0: Ball
1-0: Called Strike
1-1: Swinging Strike
1-2: Fly out, F6 (Popup, 5L)
Batting: RHB Pat Ings 0-0: Called Strike
0-1: Ball
1-1: Fielders Choice at 2nd, U6 (Groundball, 6M)
Bottom of the 5th over - 0 run(s), 0 hit(s), 0 error(s), 2 left on base; Wilmington 6 - Vermont 2
TOP OF THE 6TH
Wilmington Bay Hawks batting - Pitching for Vermont Lake Monsters : RHP Alexander Allen
Batting: RHB António Prieto 0-0: Ball
1-0: Foul Ball, location: 2F
1-1: Called Strike
1-2: Foul Ball, location: 2F
1-2: Fly out, F8 (Popup, 4D)
Batting: SHB Felipe González 0-0: Ball
1-0: Ground out 6-3 (Groundball, 6)
Batting: SHB José Martínez 0-0: Ball
1-0: Fly out, F4 (Popup, 4)
Top of the 6th over - 0 run(s), 0 hit(s), 0 error(s), 0 left on base; Wilmington 6 - Vermont 2
BOTTOM OF THE 6TH
Vermont Lake Monsters batting - Pitching for Wilmington Bay Hawks : RHP Jim Unknown
Batting: RHB Jim Unknown 0-0: Fly out, F9 (Flyball, 9M)
Batting: LHB John Brewer 0-0: Called Strike
0-1: Ball
1-1: Foul Ball, location: 2F
1-2: Ball
2-2: Strikes out swinging
Batting: LHB Juan Durán 0-0: Fly out, F7 (Line Drive, 7LS)
Bottom of the 6th over - 0 run(s), 0 hit(s), 0 error(s), 0 left on base; Wilmington 6 - Vermont 2
TOP OF THE 7TH
Wilmington Bay Hawks batting - Pitching for Vermont Lake Monsters : RHP Alexander Allen
Batting: RHB Jorge Rocha 0-0: Called Strike
0-1: Ball
1-1: Foul Ball, location: 2F
1-2: Ball
2-2: Ball
3-2: Foul Ball, location: 2F
3-2: Foul Ball, location: 2F
3-2: Fly out, F7 (Flyball, 7D)
Batting: LHB Aubrey Reese 0-0: Swinging Strike
0-1: Ball
1-1: Fly out, F9 (Line Drive, 89M)
Batting: RHB Jason Nicholson 0-0: Foul Ball, location: 2F
0-1: Swinging Strike
0-2: Fly out, F3 (Popup, 23F)
Top of the 7th over - 0 run(s), 0 hit(s), 0 error(s), 0 left on base; Wilmington 6 - Vermont 2
BOTTOM OF THE 7TH
Vermont Lake Monsters batting - Pitching for Wilmington Bay Hawks : RHP Jim Unknown
Batting: LHB Michael Smith 0-0: Foul Ball, location: 2F
0-1: Ball
1-1: Fly out, F7 (Flyball, 7M)
Batting: RHB Gonzalo Núñez 0-0: Ball
1-0: Ground out 4-3 (Groundball, 4)
Batting: RHB Bob Wilson 0-0: Called Strike
0-1: Fly out, F7 (Flyball, 7LS)
Bottom of the 7th over - 0 run(s), 0 hit(s), 0 error(s), 0 left on base; Wilmington 6 - Vermont 2
TOP OF THE 8TH
Wilmington Bay Hawks batting - Pitching for Vermont Lake Monsters : RHP Alexander Allen
Pitching: RHP Dan Riggs
Batting: RHB Jim Unknown 0-0: Called Strike
0-1: Swinging Strike
0-2: Ground out 5-3 (Groundball, 5)
Batting: RHB Jim Unknown 0-0: Called Strike
0-1: Swinging Strike
0-2: Foul Ball, location: 2F
0-2: Ball
1-2: Ball
2-2: Ground out 5-3 (Groundball, 5S)
Batting: LHB Ray Schneider 0-0: Ball
1-0: SINGLE (Line Drive, 34D)
Batting: RHB António Prieto 0-0: Foul Ball, location: 2F
0-1: Called Strike
0-2: Ball
1-2: Foul Ball, location: 2F
1-2: Strikes out swinging
Top of the 8th over - 0 run(s), 1 hit(s), 0 error(s), 1 left on base; Wilmington 6 - Vermont 2
BOTTOM OF THE 8TH
Vermont Lake Monsters batting - Pitching for Wilmington Bay Hawks : RHP Jim Unknown
Pitching: LHP Robert Byrd
Batting: RHB Júlio Santos 0-0: Called Strike
0-1: Ball
1-1: Called Strike
1-2: Ball
2-2: Strikes out looking
Batting: LHB Theodore Shaw 0-0: Ball
1-0: Foul Ball, location: 2F
1-1: Ball
2-1: Ball
3-1: Foul Ball, location: 2F
3-2: Foul Ball, location: 2F
3-2: Strikes out swinging
Batting: RHB Pat Ings 0-0: Called Strike
0-1: SOLO HOME RUN (Flyball, 8LXD), Distance : 443 ft
Batting: RHB Jim Unknown 0-0: Ball
1-0: Fly out, F9 (Line Drive, 9D)
Bottom of the 8th over - 1 run(s), 1 hit(s), 0 error(s), 0 left on base; Wilmington 6 - Vermont 3
TOP OF THE 9TH
Wilmington Bay Hawks batting - Pitching for Vermont Lake Monsters : RHP Dan Riggs
Batting: SHB Felipe González 0-0: Ball
1-0: Called Strike
1-1: Ground out 4-3 (Groundball, 4)
Batting: SHB José Martínez 0-0: Ball
1-0: Ball
2-0: Swinging Strike
2-1: Foul Ball, location: 2F
2-2: Fly out, F5 (Popup, 5SF)
Batting: RHB Jorge Rocha 0-0: Called Strike
0-1: DOUBLE (Line Drive, 8LM)
Batting: LHB Aubrey Reese 0-0: Ball
1-0: Foul Ball, location: 2F
1-1: Foul Ball, location: 2F
1-2: Ball
2-2: Ground out 6-3 (Groundball, 6M)
Top of the 9th over - 0 run(s), 1 hit(s), 0 error(s), 1 left on base; Wilmington 6 - Vermont 3
BOTTOM OF THE 9TH
Vermont Lake Monsters batting - Pitching for Wilmington Bay Hawks : LHP Robert Byrd
Pitching: RHP Jim Unknown
Batting: LHB John Brewer 0-0: Ball
1-0: Ball
2-0: Ball
3-0: Base on Balls
Batting: LHB Juan Durán 0-0: Called Strike
0-1: Ball
1-1: Ball
2-1: Ball
3-1: Foul Ball, location: 2F
3-2: Fly out, F8 (Flyball, 8LM)
Batting: LHB Michael Smith 0-0: Ball
1-0: Called Strike
1-1: Ball
2-1: Fly out, F7 (Flyball, 7LM)
Batting: RHB Gonzalo Núñez 0-0: Foul Ball, location: 2F
0-1: Ball
1-1: Ball
2-1: Foul Ball, location: 2F
2-2: Ball
3-2: Foul Ball, location: 2F
3-2: Strikes out swinging
Bottom of the 9th over - 0 run(s), 0 hit(s), 0 error(s), 1 left on base; Wilmington 6 - Vermont 3
This league is powered by Out of the Park Baseball, the baseball management simulation game for PC, Mac and Linux
Saturday, July 25th, 2015 - OOTP Baseball 15.6 Build 34